 Dungeon Crawl Stone Soup version 0.31.0-9-g3a7656b989 (webtiles) character file.

Game seed: 4750915291496415894

12 qw the Shooter (level 2, 0/16 HPs)
             Began as a Deep Elf Hunter on Feb 2, 2024.
             Succumbed to their own poison gas
             ... on level 1 of the Dungeon.
             The game lasted 00:00:02 (800 turns).

qw the Shooter (Deep Elf Hunter)                     Turns: 800, Time: 00:00:02

Health: 0/16       AC:  5    Str:  8    XL:     2   Next: 20%
Magic:  4/4        EV: 10    Int: 13    God:
Gold:   26         SH:  0    Dex: 18    Spells: 1/1 levels left

rFire   + . .        a - +0 shortbow
rCold   . . .        (shield currently unavailable)
rNeg    . . .        d - +0 ring mail
rPois   .            (no helmet)
rElec   .            (no cloak)
rCorr   .            (no gloves)
SInv    .            (no boots)
Will    .....        (no amulet)
Stlth   +            (no ring)
HPRegen 0.22/turn    (no ring)
MPRegen 0.09/turn

%: no passive effects
@: lethally poisoned (0 -> -4)
A: claws 1, fire resistance 1
a: no special abilities


You were on level 1 of the Dungeon.
You visited 1 branch of the dungeon, and saw 1 of its levels.

You collected 26 gold pieces.


Innate Abilities, Weirdness & Mutations

You have sharp fingernails.
Your flesh is heat resistant. (rF+)


   Skills:
 - Level 1.5 Fighting
 + Level 6.1 Ranged Weapons
 - Level 2.4 Dodging
 - Level 1.2 Stealth


You had one spell level left.
You didn't know any spells.
Your spell library was empty.

Inventory:

Hand Weapons
 a - a +0 shortbow (weapon)
Armour
 d - a +0 ring mail (worn)
Potions
 e - a potion of enlightenment {unknown}
 f - a potion of mutation

Dungeon Overview and Level Annotations

Branches:
Dungeon (1/15)

Altars:


Message History

It was a scroll of noise.
Done exploring.
793 ||| DRINKING 2 bubbling yellow potions.
It was a potion of mutation.
You feel extremely strange.
Your fingernails lengthen.
You feel resistant to heat.
Done exploring.
794 ||| DROPPING scroll of butterflies.
You drop a scroll of butterflies.
Done exploring.
What level of the Dungeon? (default 1, ? - help) Sorry, I don't know how to get there.
Enter note:
Enter note:
Enter note:
Enter note:
Enter note:
Enter note:
Enter note:
Enter note:
Enter note:
Enter note:
Enter note:
Enter note:
Enter note:
Enter note:
Enter note: You are engulfed in poison gas.
You are lethally poisoned!
You feel very sick.
796 ||| Stepping ~*~*~tactically~*~*~ (cloud).
You feel very sick.
Things that are here:
a scroll of butterflies; a +0 leather armour
There is a lethal amount of poison in your body!
You feel sick.
There is a lethal amount of poison in your body!
You feel sick.
There is a lethal amount of poison in your body!
You feel sick.
There is a lethal amount of poison in your body!
You die...

######.......###...##........
#.......####.....#..#........
#.#..............####.###'##.
#.#...................###.###
#.#.........>................
#.#####.................)....
#.###############¤00........#
#.....0¤00000¤¤0¤¤0¤........#
#######¤¤00¤@0¤0¤000...######
#####....#¤####P0¤0¤000......P#
#..........# #0P0¤00¤¤.....P~#
##..####.### #¤0P00¤0¤....P~~#
##.# #.# #0¤¤P¤¤00...P~~~# #.#
#.######¤00¤P¤¤0..P~~~~# #.##
#......#0¤¤0¤P¤¤.P~~~~~# #.~#
######.#~~~~P.....P~~~~## #.~##
#.#~~~P.......P~~~#.


There were no monsters in sight!

Vanquished Creatures
  2 ball pythons (D:1)
  2 endoplasms (D:1)
  A giant cockroach (D:1)
  A goblin (D:1)
  A hobgoblin (D:1)
  A kobold (D:1)
  A bat (D:1)
  A rat (D:1)
10 creatures vanquished.

Notes
Turn   | Place    | Note
-------+----------+-------------------------------------------
     0 | D:1      | qw the Deep Elf Hunter began the quest for the Orb.
     0 | D:1      | Reached XP level 1. HP: 12/12 MP: 3/3
     0 | D:1      | 0 ||| qw: Version: 0.3-a-155-g5e7d8dd
     0 | D:1      | 0 ||| qw: Game counter: 1985
     0 | D:1      | 0 ||| qw: Melee chars always use a shield: true
     0 | D:1      | 0 ||| qw: God list: Okawaru
     0 | D:1      | 0 ||| qw: Allow faded altars: false
     0 | D:1      | 0 ||| qw: Do Orc after clearing Dungeon:15 true
     0 | D:1      | 0 ||| qw: Do second Lair branch before Depths: true
     0 | D:1      | 0 ||| qw: Lair rune preference: random
     0 | D:1      | 0 ||| qw: Goals: Normal
     0 | D:1      | 0 ||| PLANNING D:1-11
   379 | D:1      | Reached skill level 6 in Ranged Weapons
   379 | D:1      | Reached XP level 2. HP: 16/16 MP: 4/4
   780 | D:1      | 780 ||| UPGRADING to +0 ring mail.
   790 | D:1      | 790 ||| DROPPING +0 leather armour.
   791 | D:1      | 791 ||| READING scroll labelled OCOLEO WOGOME.
   792 | D:1      | 792 ||| READING scroll labelled YQOHAB XOQUOD.
   793 | D:1      | 793 ||| DRINKING 2 bubbling yellow potions.
   793 | D:1      | Gained mutation: You have sharp fingernails. [potion of
                  | mutation]
   793 | D:1      | Gained mutation: Your flesh is heat resistant. (rF+)
                  | [potion of mutation]
   794 | D:1      | 794 ||| DROPPING scroll of butterflies.
   796 | D:1      | 796 ||| Stepping ~*~*~tactically~*~*~ (cloud).
   797 | D:1      | HP: 4/16 [poisoned by you (poison gas)]
   799 | D:1      | HP: 1/16 [poisoned by you (poison gas)]
   800 | D:1      | Succumbed to their own poison gas

Levels and vault maps discovered:
D:1:      eino_arrival_druids_welcome, layout_basic,
          chequers_serial_rivers_large_b

Skill      XL: |  1 |
---------------+----+-----
Ranged Weapons | 6 |  6.1
Fighting       | |  1.5
Dodging        | |  2.4
Stealth        | |  1.2

Action                     || total
---------------------------++-------
   Fire: Shortbow          ||    26
    Use: Scroll            ||     2
         Potion            ||     1
  Dodge: Dodged            ||     2

Table legend:
 A = Non-vault XP
 B = Vault XP
 C = Vault XP percentage of total XP
 D = Non-vault monster count
 E = Vault monster count
 F = Vault count percentage of total count
                 A         B        C        D         E       F
            +---------+---------+-------+---------+---------+-------
      Total |      18 |       0 |   0.0 |      10 |       0 |   0.0
            +---------+---------+-------+---------+---------+-------
        D:1 |      18 |       0 |   0.0 |      10 |       0 |   0.0
            +---------+---------+-------+---------+---------+-------
